 Dungeon Crawl Stone Soup version 0.27.0-1-g7a089689b8 (webtiles) character file.

Game seed: 274063741620367239

641 barkas the Sneak (level 7, 0/63 HPs)
             Began as a Naga Arcane Marksman on Aug 11, 2021.
             Was an Initiate of Cheibriados.
             Slain by a phantom (7 damage)
             ... on level 6 of the Dungeon.
             The game lasted 00:11:20 (6336 turns).

barkas the Sneak (Naga Arcane Marksman)             Turns: 6336, Time: 00:11:21

Health: 0/63       AC:  4    Str: 15    XL:     7   Next: 51%
Magic:  8/8        EV: 13    Int: 14    God:    Cheibriados [......]
Gold:   289        SH:  0    Dex: 13    Spells: 7/8 levels left

rFire    . . .     SeeInvis +   a - +0 shortbow
rCold    . . .     Faith    .   (shield currently unavailable)
rNeg     . . .     Spirit   .   s - +1 leather armour {rPois}
rPois    +         Reflect  .   (no helmet)
rElec    .         Harm     .   (no cloak)
rCorr    .         Rampage  .   (no gloves)
Will     .....                  (no barding)
Stlth    +++.......             (no amulet)
HPRegen  0.20/turn              o - +4 ring of evasion
MPRegen  0.11/turn              (no ring)

@: very slow
A: AC +2, large, see invisible, deformed body, poison resistance, slowness 2,
spit poison 1, naga tail 1
a: Spit Poison, Renounce Religion, Bend Time


You were on level 6 of the Dungeon.
You worshipped Cheibriados.
Cheibriados was noncommittal.
You visited 2 branches of the dungeon, and saw 7 of its levels.

You collected 289 gold pieces.

Inventory:

Hand Weapons
 a - a +0 shortbow (weapon)
 b - a +0 dagger of speed
 l - a +0 scimitar
Missiles
 c - 33 arrows (quivered ammo)
 n - 14 poisoned darts
Armour
 s - a +1 leather armour of poison resistance (worn)
Jewellery
 o - a +4 ring of evasion (left hand)
 u - a ring of fire
Wands
 i - a wand of iceblast (9)
 v - a wand of mindburst (13)
Scrolls
 e - 2 scrolls of teleportation {unknown}
 f - 2 scrolls of vulnerability {unknown}
 p - 2 scrolls of identify {unknown}
 t - 2 scrolls of noise {unknown}
 w - a scroll of enchant armour {unknown}
 y - a scroll of magic mapping {unknown}
 z - 2 scrolls of blinking {unknown}
Potions
 d - a potion of brilliance
 g - a potion of ambrosia {unknown}
 h - a potion of flight {unknown}
 j - a potion of cancellation
 k - 3 potions of heal wounds
 m - a potion of mutation {unknown}
 q - 2 potions of resistance {unknown}
 r - a potion of lignification {unknown}
 x - 3 potions of berserk rage {unknown}
 A - a potion of haste {unknown}
 B - a potion of magic {unknown}
 C - 2 potions of curing


   Skills:
 + Level 3.9 Fighting
 * Level 5.3 Bows
 - Level 1.5 Dodging
 + Level 5.9 Stealth
 - Level 1.0 Spellcasting
 - Level 3.0 Hexes


You had 7 spell levels left.
You knew the following spells:

 Your Spells              Type           Power      Damage    Failure   Level
a - Corona                Hex            10%        N/A       10%         1

Your spell library contained the following spells:

 Spells                   Type           Power      Damage    Failure   Level
 Slow                     Hex            9%         N/A       14%         2
 Dazzling Flash           Conj/Hex       8%         N/A       45%         3
 Inner Flame              Hex/Fire       4%         N/A       45%         3
 Portal Projectile        Hex/Tloc       8%         N/A       45%         3
 Ignite Poison            Fire/Tmut/Pois 0%         N/A       67%         3
 Mephitic Cloud           Conj/Pois/Air  0%         N/A       67%         3
 Ozocubu's Armour         Ice            0%         N/A       67%         3
 Cause Fear               Hex            4%         N/A       67%         4
 Metabolic Englaciation   Hex/Ice        2%         N/A       99%         5
 Silence                  Hex/Air        2%         N/A       99%         5
 Agony                    Necr           0%         N/A       100%        5
 Bolt of Magma            Conj/Fire/Erth 0%         4d4       100%        5
 Simulacrum               Ice/Necr       0%         N/A       100%        6


Dungeon Overview and Level Annotations

Branches:
Dungeon (6/15)             Temple (1/1) D:4

Altars:
Cheibriados
Dithmenos
Elyvilon
Fedhas
Gozag
Hepliaklqana
Kikubaaqudgha
Makhleb
Nemelex Xobeh
Okawaru
Qazlal
Ru
Sif Muna
Trog
Uskayaw
Vehumet
Wu Jian
Xom
Yredelemnul
Zin
The Shining One


Innate Abilities, Weirdness & Mutations

Your serpentine skin is tough. (AC +2)
You have supernaturally acute eyesight. (SInv)
Armour fits poorly on your strangely shaped body.
Your system is resistant to poisons. (rPois)
You cover ground very slowly.
You can spit poison.
You have a snake-like lower body.


Message History

The phantom barely misses you.
Fire: 38 arrows
Press: ? - help, Q - select action, (/) - cycle Shift-Dir - straight line, f/p - phantom
Aim: a phantom (almost destroyed, 50% to hit)
You shoot an arrow.
The arrow hits the phantom but does no damage.
The phantom is almost destroyed.
The water moccasin barely misses you. The phantom hits you!
The water moccasin bites you.
Fire: 37 arrows
Press: ? - help, Q - select action, (/) - cycle Shift-Dir - straight line, f/p - phantom
Aim: a phantom (almost destroyed, 50% to hit)
You shoot an arrow.
The arrow hits the phantom but does no damage.
The phantom is almost destroyed.
The water moccasin closely misses you. The phantom hits you.
* * * LOW HITPOINT WARNING * * *
The phantom blinks!
You blink.
Fire: 36 arrows
Press: ? - help, Q - select action, (/) - cycle Shift-Dir - straight line, f/p - phantom
Aim: a phantom (almost destroyed, 50% to hit)
You shoot an arrow. The arrow closely misses the phantom.
The water moccasin barely misses you. The phantom hits you.
* * * LOW HITPOINT WARNING * * *
The water moccasin completely misses you.
Fire: 35 arrows
Press: ? - help, Q - select action, (/) - cycle Shift-Dir - straight line, f/p - phantom
Aim: a phantom (almost destroyed, 50% to hit)
You shoot an arrow. The arrow barely misses the phantom.
The water moccasin bites you but does no damage.
The phantom hits you.
* * * LOW HITPOINT WARNING * * *
The phantom blinks!
You blink.
Fire: 34 arrows
Press: ? - help, Q - select action, (/) - cycle Shift-Dir - straight line, f/p - phantom
Aim: a phantom (almost destroyed, 50% to hit)
You shoot an arrow. The arrow hits the phantom.
The phantom is almost destroyed.
The phantom hits you!
You die...

# ########.## #.((......#
#(((...(..#
#####(.S@.(...#
#(..ยงยง...W....#
#.##..........# #
#.##...(......#
#.#.##.......?..#
#.#.##.(........#
#......#######....
#######.##################
..............>..........#


You could see a phantom and a water moccasin.

Vanquished Creatures
  A sky beast (D:5)
  An ogre (D:5)
  A scorpion (D:5)
  A wyvern skeleton (D:5)
  3 hounds
  A bullfrog skeleton (D:5)
  A centaur skeleton (D:4)
  A hound zombie (D:5)
  2 gnolls (D:3)
  5 adders (D:2)
  An ufetubus (D:2)
  3 worms
  A dart slug (D:1)
  5 orcs (D:2)
  7 bats
  9 endoplasms
  3 giant cockroaches
  11 goblins
  9 hobgoblins
  12 jackals
  7 quokkas
  5 ball pythons
  5 frilled lizards
  11 kobolds
  7 rats
113 creatures vanquished.

Vanquished Creatures (others)
  8 plants (D:3)
8 creatures vanquished.

Grand Total: 121 creatures vanquished

Notes
Turn   | Place    | Note
-------+----------+-------------------------------------------
     0 | D:1      | barkas the Naga Arcane Marksman began the quest for the
                  | Orb.
     0 | D:1      | Reached XP level 1. HP: 18/18 MP: 2/2
   106 | D:1      | Reached skill level 1 in Stealth
   117 | D:1      | Found a faded altar of an unknown god.
   123 | D:1      | Reached XP level 2. HP: 25/25 MP: 3/3
   799 | D:1      | Reached XP level 3. HP: 31/31 MP: 2/4
  1258 | D:2      | Reached XP level 4. HP: 39/39 MP: 2/5
  2133 | D:2      | Reached XP level 5. HP: 30/46 MP: 4/6
  4287 | D:4      | Reached XP level 6. HP: 55/55 MP: 5/7
  4660 | D:4      | Found a staircase to the Ecumenical Temple.
  4674 | Temple   | Entered the Ecumenical Temple
  4936 | Temple   | Became a worshipper of Cheibriados the Contemplative
  5011 | D:5      | Entered Level 5 of the Dungeon
  5136 | D:5      | Noticed a sky beast
  5149 | D:5      | Killed a sky beast
  5150 | D:5      | Reached skill level 5 in Stealth
  5202 | D:5      | HP: 2/56 [scorpion (8)]
  5206 | D:5      | Reached skill level 5 in Bows
  5206 | D:5      | Reached XP level 7. HP: 14/62 MP: 8/8
  6336 | D:6      | Slain by a phantom

Illustrated notes

Levels and vault maps discovered:
D:1:      dpeg_arrival_rooms_with_view, layout_rooms,
          ebering_ecumenical_altar_webs, hex_intersection
D:2:      layout_basic, eino_tiny_chamber, kennysheep_flooded_box
D:3:      wad_woods_tower, layout_basic, kennysheep_generic_room_6
D:4:      layout_loops_ring, minmay_temple_entry_poolview
D:5:      layout_cave_pods
D:6:      layout_basic, kennysheep_path_1, uniq_pikel
Temple:   nicolae_temple_the_god_donut

Skill      XL: |  1  2  3  4  5  6 |
---------------+-------------------+-----
Bows           | 2 3 4 5 |  5.3
Stealth        | 1 2 3 4 5 |  5.9
Fighting       | 2 3 |  3.9
Dodging        | |  1.5
Spellcasting   | |  1.0
Hexes          | |  3.0

Action                   |  1- 3 |  4- 6 |  7- 9 || total
-------------------------+-------+-------+-------++-------
Melee: Unarmed           |     2 |       |       ||     2
       Short sword       |    10 |    44 |       ||    54
       Dagger            |       |    29 |       ||    29
 Fire: Shortbow          |    29 |   145 |    57 ||   231
 Cast: Corona            |    19 |    34 |     1 ||    54
 Abil: Spit Poison       |    24 |    48 |     4 ||    76
  Use: Potion            |       |     5 |       ||     5
 Stab: Sleeping          |       |     1 |       ||     1
Armor: Robe              |    10 |    19 |       ||    29
       Leather armour    |       |    56 |     6 ||    62
Dodge: Dodged            |    20 |   131 |    19 ||   170
